 Dungeon Crawl Stone Soup version 0.14.1-24-gbdbe590 (webtiles) character file.

331 Kenran the Slasher (level 5, -4/45 HPs)
             Began as a Minotaur Fighter on June 16, 2014.
             Killed from afar by Natasha (8 damage)
             ... with a magic dart
             ... on Level 3 of the Dungeon.
             The game lasted 00:08:14 (1800 turns).

Kenran the Slasher (Minotaur Fighter)               Turns: 1800, Time: 00:08:15

HP  -4/45        AC  8     Str 21      XL: 5   Next: 32%
MP   2/2         EV  6     Int  5      God:
Gold 152         SH 19     Dex 10      Spells:  0 memorised,  4 levels left

rFire  . . .     SeeInvis .     y - +0 falchion
rCold  . . .     Clarity  .     b - +0 scale mail
rNeg   . . .     Conserve +     c - +0 shield
rPois  .         rCorr    .     (helmet restricted)
rElec  .         rRot     .     (no cloak)
SustAb . .       Spirit   .     (no gloves)
rMut   .         Warding  .     l - +0 pair of boots
Saprov . . .     Stasis   .     w - amulet of conservation
MR     .....                    (no ring)
                                (no ring)

@: slowed, very slow, not resistant to hostile enchantments, extremely
unstealthy
A: retaliatory headbutt, horns 2
a: no special abilities


You were on level 3 of the Dungeon.
You were very hungry.

You visited 1 branch of the dungeon, and saw 3 of its levels.

You collected 152 gold pieces.

Inventory:

Hand weapons
 a - a +0,+0 long sword
 y - a +0,+0 falchion (weapon)
Armour
 b - a +0 scale mail (worn)
 c - a +0 shield (worn)
 l - a +0 pair of boots (worn)
Comestibles
 d - a bread ration
 k - a slice of pizza
 v - 5 grapes
Scrolls
 i - 3 scrolls of identify
 j - a scroll of immolation {unknown}
 r - 2 scrolls of remove curse
Jewellery
 g - an uncursed amulet of stasis
 h - an uncursed amulet of conservation
 o - an uncursed ring of fire
 w - an amulet of conservation (around neck)
Potions
 e - a potion of might
 f - 4 potions of curing
 n - 2 potions of lignification {unknown}
 p - a potion of agility {unknown}
 t - 2 potions of brilliance {unknown}
 u - a potion of resistance {unknown}


   Skills:
 - Level 3.6 Fighting
 + Level 6.8 Long Blades
 - Level 3.6 Armour
 - Level 3.6 Shields


You had 4 spell levels left.
You didn't know any spells.

Dungeon Overview and Level Annotations

Branches:
Dungeon (3/15)

Altars:
Dithmenos

Portals:
Sewer: D:3

Annotations:
D:3 Natasha


Innate Abilities, Weirdness & Mutations

You reflexively headbutt those who attack you in melee.
You have a pair of horns on your head.


Message History

* * * LOW HITPOINT WARNING * * *
Natasha claws you but does no damage. The orc hits you but does no damage.
Drink which item? (? for menu, Esc to quit)
You feel better.
It was a potion of curing.
You block the orc wizard's attack.
The orc hits you from afar with a trident.
You block the kobold's attack. The orc wizard casts a spell at you.
The puff of flame hits you!
* * * LOW HITPOINT WARNING * * *
Natasha claws you!
* * * LOW HITPOINT WARNING * * *
The orc barely misses you. The kobold hits you but does no damage.
You block the orc's attack.
You hit the orc wizard.
You headbutt the orc wizard, but do no damage.
The orc wizard is severely wounded.
The orc wizard hits you but does no damage.
Natasha stares at you and mumbles some strange words.
The magic dart hits you!
You die...

#.......###.####≈≈≈≈.....,,,,,,
#..............#∩≈≈≈≈...).,,,,,
#..............######...,,,,,,,
#....................,, ***,,,,
#.....................,,* *,,,,
#.......%.............,,* *,,,,
#.....................,,* *,,,,
#.................#***,,* *,,,,
**#........(.(.h@...# *,,*
*,,,, ,,,............Koo..#
*,,* *,,,,
,,,.............o...# *,,*
*,,,, ***#................#
*,,* ,,,, ................# *,,
*,,,, *,...............# *,,*
*,,,, *,,..............# *,,*
*,, , *,,,.............# *,,*
*,,,, *,,,,,,........,,* *,,*
*,,,,


You could see an orc wizard, Natasha, 2 orcs and a kobold.

Vanquished Creatures
  2 orc priests (D:3)
  An orc wizard (D:3)
  2 green rats (D:3)
  An adder (D:2)
  2 giant geckos
  An ooze (D:3)
  5 orcs (D:3)
  5 bats
  5 giant cockroaches
  6 goblins
  5 hobgoblins
  3 jackals (D:2)
  7 kobolds
  A quokka (D:3)
  A ball python (D:1)
  2 giant newts
  10 rats
59 creatures vanquished.

Notes
Turn   | Place    | Note
--------------------------------------------------------------
     0 | D:1      | Kenran, the Minotaur Fighter, began the quest for the Orb.
     0 | D:1      | Reached XP level 1. HP: 19/19 MP: 1/1
    67 | D:1      | Reached XP level 2. HP: 23/26 MP: 1/1
   700 | D:2      | Found a shadowy altar of Dithmenos.
   713 | D:2      | Reached skill level 4 in Long Blades
   772 | D:2      | Reached XP level 3. HP: 26/31 MP: 2/2
  1448 | D:3      | Reached skill level 5 in Long Blades
  1448 | D:3      | Reached XP level 4. HP: 26/39 MP: 2/2
  1598 | D:3      | Found a glowing drain.
  1685 | D:3      | Reached skill level 6 in Long Blades
  1709 | D:3      | Reached XP level 5. HP: 32/45 MP: 2/2
  1789 | D:3      | Noticed Natasha
  1800 | D:3      | Killed from afar by Natasha

Action                   |  1- 3 |  4- 6 || total
-------------------------+-------+-------++-------
Melee: Long sword        |   127 |    33 ||   160
       Falchion          |       |    34 ||    34
  Use: Scroll            |     1 |     7 ||     8
       Potion            |       |     1 ||     1
